TOP OF THE 1ST |
Brevard County Manatees batting - Pitching for Lakeland Flying Tigers : RHP Alex Garrett
|
Pitching: RHP Alex Garrett
|
|
Batting: LHB Rick Campbell
|
0-0: Ball 1-0: Called Strike 1-1: Ball 2-1: Ball 3-1: Foul Ball, location: 2F 3-2: Strikes out swinging
|
Batting: RHB Chris Maul
|
0-0: Foul Ball, location: 2F 0-1: Foul Ball, location: 2F 0-2: Ball 1-2: Ball 2-2: Ball 3-2: SINGLE (Flyball, 34D, EV 95.0 MPH)
|
Batting: LHB Jason Raker
|
0-0: Called Strike 0-1: Ball 1-1: Foul Ball, location: 2F 1-2: SINGLE (Line Drive, 7LS, EV 87.5 MPH) Chris Maul to second
|
Batting: RHB Cameron Rattenbury
|
0-0: Fly out, F9 (Flyball, 9D, EV 98.8 MPH) Runner from 2nd tags up, SAFE at 3rd, no throw by RF
|
Batting: LHB Tony Hasbun
|
0-0: Swinging Strike 0-1: Ball 1-1: Called Strike 1-2: Ball 2-2: Fly out, F8 (Flyball, 78D, EV 95.0 MPH)
|
Top of the 1st over - 0 runs, 2 hits, 0 errors, 2 left on base; Brevard County 0 - Lakeland 0 |
BOTTOM OF THE 1ST |
Lakeland Flying Tigers batting - Pitching for Brevard County Manatees : LHP Hiroshi Matsuda
|
Pitching: LHP Hiroshi Matsuda
|
|
Batting: RHB Brandon O'Malley
|
0-0: Ball 1-0: Swinging Strike 1-1: Called Strike 1-2: Ball 2-2: Ball 3-2: Base on Balls
|
Batting: RHB Carlos Armenteros
|
0-0: Ball 1-0: Called Strike 1-1: Foul Ball, location: 2F 1-2: Ball 2-2: Ball 3-2: Base on Balls Brandon O'Malley to second
|
Batting: RHB Joel Miller
|
0-0: Ball 1-0: Ball 2-0: Called Strike 2-1: Foul Ball, location: 2F 2-2: Grounds into double play, 5-4-3 (Groundball, 5, EV 82.5 MPH) Brandon O'Malley to third
|
Batting: RHB Jon Goldstein
|
0-0: Ball 1-0: Ball 2-0: Ball 3-0: Base on Balls
|
Batting: RHB Jamie Villagrana
|
0-0: Ball 1-0: Called Strike 1-1: Foul Ball, location: 2F 1-2: Ball 2-2: Ball 3-2: Fly out, F7 (Flyball, 7, EV 90.6 MPH)
|
Bottom of the 1st over - 0 runs, 0 hits, 0 errors, 2 left on base; Brevard County 0 - Lakeland 0 |
TOP OF THE 2ND |
Brevard County Manatees batting - Pitching for Lakeland Flying Tigers : RHP Alex Garrett
|
Batting: RHB Jose Cerritos
|
0-0: Fly out, F9 (Flyball, 9LS, EV 83.8 MPH)
|
Batting: RHB Hector Silva
|
0-0: Ball 1-0: Ball 2-0: Ground out 6-3 (Groundball, 6, EV 83.8 MPH)
|
Batting: RHB Chris Riddel
|
0-0: Ball 1-0: Ball 2-0: Ball 3-0: SINGLE (Line Drive, 78S, EV 99.4 MPH)
|
Batting: RHB Xiao-shuang Au
|
0-0: Called Strike 0-1: Swinging Strike 0-2: Ball 1-2: Ball 2-2: Strikes out swinging
|
Top of the 2nd over - 0 runs, 1 hit, 0 errors, 1 left on base; Brevard County 0 - Lakeland 0 |
BOTTOM OF THE 2ND |
Lakeland Flying Tigers batting - Pitching for Brevard County Manatees : LHP Hiroshi Matsuda
|
Batting: SHB Chris Wagler
|
0-0: Ball 1-0: Called Strike 1-1: Foul Ball, location: 2F 1-2: Fly out, F7 (Line Drive, 78D, EV 86.9 MPH)
|
Batting: SHB Willie Medina
|
0-0: Called Strike 0-1: Foul Ball, location: 2F 0-2: Foul Ball, location: 2F 0-2: Ball 1-2: SINGLE (Groundball, 4D, EV 110.6 MPH)
|
Batting: RHB German Quiroga
|
0-0: Called Strike 0-1: Ball 1-1: Called Strike 1-2: Ball 2-2: Strikes out swinging
|
Batting: LHB Afanasy Zasekin
|
0-0: Foul Ball, location: 2F 0-1: SINGLE (Line Drive, 8RS, EV 100.6 MPH) Willie Medina to second Runner from 2nd tries for 3rd, SAFE, throw by CF made to third
|
Batting: RHB Brandon O'Malley
|
0-0: Ball 1-0: Ball 2-0: Ball 3-0: Called Strike 3-1: Base on Balls Afanasy Zasekin to second
|
Batting: RHB Carlos Armenteros
|
0-0: GRAND SLAM HOME RUN (Flyball, 89XD, EV 108.1 MPH), Distance : 409 ft
|
Batting: RHB Joel Miller
|
0-0: Called Strike 0-1: Swinging Strike 0-2: Ball 1-2: Foul Ball, location: 2F 1-2: Ball 2-2: Ball 3-2: Base on Balls
|
Batting: RHB Jon Goldstein
|
0-0: Foul Ball, location: 2F 0-1: Ball 1-1: Foul Ball, location: 2F 1-2: Strikes out swinging
|
Bottom of the 2nd over - 4 runs, 3 hits, 0 errors, 1 left on base; Brevard County 0 - Lakeland 4 |
TOP OF THE 3RD |
Brevard County Manatees batting - Pitching for Lakeland Flying Tigers : RHP Alex Garrett
|
Batting: LHB Rick Campbell
|
0-0: Foul Ball, location: 2F 0-1: Ball 1-1: Foul Ball, location: 2F 1-2: SINGLE (Groundball, 34S, EV 69.4 MPH) (infield hit)
|
Batting: RHB Chris Maul
|
0-0: Called Strike 0-1: Swinging Strike 0-2: Ball Rick Campbell steals 2nd base (no throw) 1-2: Strikes out swinging
|
Batting: LHB Jason Raker
|
0-0: Ball Rick Campbell steals 3rd base 1-0: Foul Ball, location: 2F 1-1: Called Strike 1-2: Foul Ball, location: 2F 1-2: Ball 2-2: Strikes out swinging
|
Batting: RHB Cameron Rattenbury
|
0-0: Swinging Strike 0-1: Swinging Strike 0-2: Fly out, F9 (Flyball, 9, EV 90.6 MPH)
|
Top of the 3rd over - 0 runs, 1 hit, 0 errors, 1 left on base; Brevard County 0 - Lakeland 4 |
BOTTOM OF THE 3RD |
Lakeland Flying Tigers batting - Pitching for Brevard County Manatees : LHP Hiroshi Matsuda
|
Batting: RHB Jamie Villagrana
|
0-0: Swinging Strike 0-1: Called Strike 0-2: Strikes out looking
|
Batting: SHB Chris Wagler
|
0-0: Ball 1-0: Foul Ball, location: 2F 1-1: Ball 2-1: Ball 3-1: Called Strike 3-2: Foul Ball, location: 2F 3-2: Foul Ball, location: 2F 3-2: Ground out 6-3 (Groundball, 6, EV 111.2 MPH)
|
Batting: SHB Willie Medina
|
0-0: SOLO HOME RUN (Flyball, 7D, EV 95.6 MPH), Distance : 379 ft
|
Pitching: RHP Guillermo Delgado
|
|
Batting: RHB German Quiroga
|
0-0: Ground out 2-3 (Groundball, 15S, EV 70.0 MPH)
|
Bottom of the 3rd over - 1 run, 1 hit, 0 errors, 0 left on base; Brevard County 0 - Lakeland 5 |
TOP OF THE 4TH |
Brevard County Manatees batting - Pitching for Lakeland Flying Tigers : RHP Alex Garrett
|
Batting: LHB Tony Hasbun
|
0-0: Ball 1-0: Ball 2-0: Ball 3-0: Base on Balls
|
Batting: RHB Jose Cerritos
|
0-0: Ball 1-0: Fly out, F8 (Flyball, 8LD, EV 105.6 MPH)
|
Batting: RHB Hector Silva
|
0-0: Ball Tony Hasbun steals 2nd base 1-0: Swinging Strike 1-1: Ball Tony Hasbun steals 3rd base 2-1: Ball 3-1: Base on Balls
|
Batting: RHB Chris Riddel
|
0-0: Ball 1-0: Ball 2-0: Foul Ball, location: 2F 2-1: Grounds into double play, 6-4-3 (Groundball, 6S, EV 88.1 MPH)
|
Top of the 4th over - 0 runs, 0 hits, 0 errors, 1 left on base; Brevard County 0 - Lakeland 5 |
BOTTOM OF THE 4TH |
Lakeland Flying Tigers batting - Pitching for Brevard County Manatees : RHP Guillermo Delgado
|
Batting: LHB Afanasy Zasekin
|
0-0: Ground out 6-3 (Groundball, 6, EV 86.9 MPH)
|
Batting: RHB Brandon O'Malley
|
0-0: Foul Ball, location: 2F 0-1: Foul Ball, location: 2F 0-2: Strikes out swinging
|
Batting: RHB Carlos Armenteros
|
0-0: Ball 1-0: Foul Ball, location: 2F 1-1: Ground out 4-3 (Groundball, 4, EV 88.1 MPH)
|
Bottom of the 4th over - 0 runs, 0 hits, 0 errors, 0 left on base; Brevard County 0 - Lakeland 5 |
TOP OF THE 5TH |
Brevard County Manatees batting - Pitching for Lakeland Flying Tigers : RHP Alex Garrett
|
Batting: RHB Xiao-shuang Au
|
0-0: Ball 1-0: Ball 2-0: Called Strike 2-1: Foul Ball, location: 2F 2-2: Foul Ball, location: 2F 2-2: Strikes out looking
|
Batting: LHB Rick Campbell
|
0-0: Called Strike 0-1: Foul Ball, location: 2F 0-2: Strikes out swinging
|
Batting: RHB Chris Maul
|
0-0: Foul Ball, location: 2F 0-1: Swinging Strike 0-2: Ball 1-2: Fly out, F7 (Flyball, 7S, EV 81.2 MPH)
|
Top of the 5th over - 0 runs, 0 hits, 0 errors, 0 left on base; Brevard County 0 - Lakeland 5 |
BOTTOM OF THE 5TH |
Lakeland Flying Tigers batting - Pitching for Brevard County Manatees : RHP Guillermo Delgado
|
Batting: RHB Joel Miller
|
0-0: Ball 1-0: Called Strike 1-1: Foul Ball, location: 2F 1-2: Foul Ball, location: 2F 1-2: Strikes out swinging
|
Batting: RHB Jon Goldstein
|
0-0: Called Strike 0-1: Called Strike 0-2: Ball 1-2: Strikes out swinging
|
Batting: RHB Jamie Villagrana
|
0-0: Ball 1-0: Ball 2-0: Ball 3-0: Called Strike 3-1: Called Strike 3-2: Strikes out swinging, 2-3 out at first.
|
Bottom of the 5th over - 0 runs, 0 hits, 0 errors, 0 left on base; Brevard County 0 - Lakeland 5 |
TOP OF THE 6TH |
Brevard County Manatees batting - Pitching for Lakeland Flying Tigers : RHP Alex Garrett
|
Batting: LHB Jason Raker
|
0-0: Foul Ball, location: 2F 0-1: Ball 1-1: Called Strike 1-2: Ball 2-2: Strikes out swinging
|
Batting: RHB Cameron Rattenbury
|
0-0: Ball 1-0: Foul Ball, location: 2F 1-1: Ball 2-1: SINGLE (Groundball, 4MD, EV 96.2 MPH)
|
Batting: LHB Tony Hasbun
|
0-0: Ball Cameron Rattenbury is caught stealing 2nd base 2-6 1-0: Called Strike 1-1: Ball 2-1: Ball 3-1: Fly out, F6 (Popup, 4MD, EV 71.9 MPH)
|
Top of the 6th over - 0 runs, 1 hit, 0 errors, 0 left on base; Brevard County 0 - Lakeland 5 |
BOTTOM OF THE 6TH |
Lakeland Flying Tigers batting - Pitching for Brevard County Manatees : RHP Guillermo Delgado
|
Batting: SHB Chris Wagler
|
0-0: Ball 1-0: Ball 2-0: Ball 3-0: Called Strike 3-1: Called Strike 3-2: Foul Ball, location: 2F 3-2: Strikes out swinging, 2-3 out at first.
|
Batting: SHB Willie Medina
|
0-0: Foul Ball, location: 2F 0-1: Foul Ball, location: 2F 0-2: Strikes out swinging, 2-3 out at first.
|
Batting: RHB German Quiroga
|
0-0: Swinging Strike 0-1: Ground out 4-3 (Groundball, 4, EV 84.4 MPH)
|
Bottom of the 6th over - 0 runs, 0 hits, 0 errors, 0 left on base; Brevard County 0 - Lakeland 5 |
TOP OF THE 7TH |
Brevard County Manatees batting - Pitching for Lakeland Flying Tigers : RHP Alex Garrett
|
Batting: RHB Jose Cerritos
|
0-0: DOUBLE (Flyball, 8RXD, EV 108.8 MPH)
|
Batting: RHB Hector Silva
|
0-0: Ball 1-0: Called Strike 1-1: Ball 2-1: Ball 3-1: Base on Balls
|
Batting: RHB Chris Riddel
|
0-0: Called Strike 0-1: Ball 1-1: Swinging Strike 1-2: Strikes out swinging
|
Pinch Hitting: SHB Orlando Torres
|
0-0: Ball 1-0: Ground out 6-3 (Groundball, 6M, EV 104.4 MPH) Jose Cerritos to third Hector Silva to second
|
Batting: LHB Rick Campbell
|
0-0: Ball 1-0: Ball 2-0: Ball Wild Pitch! Jose Cerritos scores Hector Silva to third 3-0: Called Strike 3-1: Base on Balls
|
Pitching: RHP John Evancho
|
|
Batting: RHB Chris Maul
|
0-0: Ball 1-0: Ball 2-0: Fielders Choice at 2nd, 6-4 (Groundball, 6, EV 104.4 MPH)
|
Top of the 7th over - 1 run, 1 hit, 0 errors, 2 left on base; Brevard County 1 - Lakeland 5 |
BOTTOM OF THE 7TH |
Lakeland Flying Tigers batting - Pitching for Brevard County Manatees : RHP Guillermo Delgado
|
Now at 2B: Rick Campbell
|
|
Now at 3B: Orlando Torres
|
|
Batting: LHB Afanasy Zasekin
|
0-0: Foul Ball, location: 2F 0-1: Foul Ball, location: 2F 0-2: Strikes out swinging
|
Batting: RHB Brandon O'Malley
|
0-0: Ball 1-0: Ball 2-0: Swinging Strike 2-1: Foul Ball, location: 2F 2-2: Strikes out swinging
|
Batting: RHB Carlos Armenteros
|
0-0: Ball 1-0: SINGLE (Flyball, 34D, EV 91.9 MPH)
|
Batting: RHB Joel Miller
|
0-0: Ball Wild Pitch! Carlos Armenteros to second 1-0: Called Strike 1-1: SINGLE (Groundball, 34D, EV 108.8 MPH) Carlos Armenteros to third Runner from 3rd tries for Home, SAFE, throw by RF to home
|
Batting: RHB Jon Goldstein
|
0-0: Foul Ball, location: 2F 0-1: Ball 1-1: Swinging Strike 1-2: Foul Ball, location: 2F 1-2: Foul Ball, location: 2F 1-2: Ball 2-2: Ball 3-2: DOUBLE (Line Drive, 7LM, EV 110.6 MPH) Joel Miller to third Joel Miller scores
|
Batting: RHB Jamie Villagrana
|
0-0: Called Strike 0-1: Ball 1-1: Ball 2-1: Foul Ball, location: 2F 2-2: Ball 3-2: Foul Ball, location: 2F 3-2: Fly out, F6 (Line Drive, 6, EV 71.2 MPH)
|
Bottom of the 7th over - 2 runs, 3 hits, 0 errors, 1 left on base; Brevard County 1 - Lakeland 7 |
TOP OF THE 8TH |
Brevard County Manatees batting - Pitching for Lakeland Flying Tigers : RHP John Evancho
|
Batting: LHB Jason Raker
|
0-0: Ground out 6-3 (Groundball, 6S, EV 89.4 MPH)
|
Batting: RHB Cameron Rattenbury
|
0-0: Ball 1-0: Called Strike 1-1: Ball 2-1: Foul Ball, location: 2F 2-2: Foul Ball, location: 2F 2-2: Ball 3-2: Ground out 6-3 (Groundball, 56, EV 90.6 MPH)
|
Batting: LHB Tony Hasbun
|
0-0: Ball 1-0: Called Strike 1-1: Foul Ball, location: 2F 1-2: Ball 2-2: Strikes out swinging
|
Top of the 8th over - 0 runs, 0 hits, 0 errors, 0 left on base; Brevard County 1 - Lakeland 7 |
BOTTOM OF THE 8TH |
Lakeland Flying Tigers batting - Pitching for Brevard County Manatees : RHP Guillermo Delgado
|
Pitching: LHP Juan Gonzalez
|
|
Batting: SHB Chris Wagler
|
0-0: Ball 1-0: Ball 2-0: Ground out 6-3 (Groundball, 6, EV 101.9 MPH)
|
Batting: SHB Willie Medina
|
0-0: SINGLE (Groundball, 5S, EV 75.6 MPH) (infield hit)
|
Batting: RHB German Quiroga
|
0-0: Ball 1-0: Ball 2-0: Ball 3-0: Called Strike 3-1: Fielders Choice at 2nd, 3-6 (Groundball, 34, EV 88.1 MPH)
|
Batting: LHB Afanasy Zasekin
|
0-0: Swinging Strike 0-1: Ball 1-1: Ball 2-1: Fly out, F9 (Flyball, 9D, EV 87.5 MPH)
|
Bottom of the 8th over - 0 runs, 1 hit, 0 errors, 1 left on base; Brevard County 1 - Lakeland 7 |
TOP OF THE 9TH |
Brevard County Manatees batting - Pitching for Lakeland Flying Tigers : RHP John Evancho
|
Batting: RHB Jose Cerritos
|
0-0: Called Strike 0-1: Fly out, F8 (Flyball, 89M, EV 93.1 MPH)
|
Batting: RHB Hector Silva
|
0-0: Ball 1-0: Foul Ball, location: 2F 1-1: Ball 2-1: Foul Ball, location: 2F 2-2: Ball 3-2: Ground out 5-3 (Groundball, 56, EV 99.4 MPH)
|
Batting: RHB Chris Riddel
|
0-0: Ball 1-0: Ball 2-0: Swinging Strike 2-1: Swinging Strike 2-2: Foul Ball, location: 2F 2-2: Foul Ball, location: 2F 2-2: Strikes out looking
|
Top of the 9th over - 0 runs, 0 hits, 0 errors, 0 left on base; Brevard County 1 - Lakeland 7 |
|